 Seeded DCSS version 0.30.1-11-g7821555f0a (webtiles) character file.

Game seed: 6351066067085065685 (custom seed)

4 Esekla the Magician (level 1, -1/10 HPs)
             Began as a Deep Elf Wanderer on Dec 14, 2023.
             Slain by a hobgoblin (4 damage)
             ... on level 1 of the Dungeon.
             The game lasted 00:01:40 (353 turns).

Esekla the Magician (Deep Elf Wanderer)              Turns: 353, Time: 00:01:41

Health: -1/10      AC:  2    Str: 11    XL:     1   Next: 58%
Magic:  6/7        EV: 10    Int: 17    God:
Gold:   20         SH:  3    Dex: 11    Spells: 6/8 levels left

rFire   . . .        a - +0 short sword
rCold   . . .        d - +0 buckler
rNeg    . . .        c - +0 robe
rPois   .            (no helmet)
rElec   .            (no cloak)
rCorr   .            (no gloves)
SInv    .            (no boots)
Will    .....        (no amulet)
Stlth   ++           (no ring)
HPRegen 0.21/turn    (no ring)
MPRegen 0.10/turn

%: no passive effects
@: no status effects
A: no striking features
a: no special abilities


You were on level 1 of the Dungeon.
You visited 1 branch of the dungeon, and saw 1 of its levels.

You collected 20 gold pieces.

Inventory:

Hand Weapons
 a - a +0 short sword (weapon)
Armour
 c - a +0 robe (worn)
 d - a +0 buckler (worn)
Potions
 b - a potion of lignification
 e - a potion of ambrosia {unknown}


   Skills:
 + Level 1.2 Stealth
 + Level 1.5 Shields
 * Level 4.4 Spellcasting
 * Level 1.3 Necromancy
 + Level 2.1 Translocations
 + Level 1.0 Invocations


You had 6 spell levels left.
You knew the following spells:

 Your Spells              Type           Power      Damage    Failure   Level
a - Magic Dart            Conj           12%        1d3       22%         1
p - Apportation           Tloc           22%        N/A       9%          1

Your spell library contained the following spells:

 Spells                   Type           Power      Damage    Failure   Level
 Blink                    Tloc           22%        N/A       14%         2
 Lesser Beckoning         Tloc           22%        N/A       14%         2
 Gell's Gravitas          Tloc           11%        N/A       26%         3
 Teleport Other           Tloc           11%        N/A       26%         3
 Vampiric Draining        Necr           8%         2d6       36%         3
 Ignite Poison            Fire/Tmut/Pois 3%         N/A       54%         3


Dungeon Overview and Level Annotations

Branches:
Dungeon (1/15)

Altars:


Message History

Yoink!
You pull the items towards yourself.
Casting: Apportation (safe; 9% risk of failure)
Confirm with . or Enter, or press ? or * to list all spells.
Aiming: Apportation (safe; 9% risk of failure)
Press: ? - help, Dir - move target Apport: a book of Displacement Yoink!
You pull the item towards yourself.
You see here a book of Displacement.
Casting: Apportation (safe; 9% risk of failure)
Confirm with . or Enter, or press ? or * to list all spells.
Aiming: Apportation (safe; 9% risk of failure)
Press: ? - help, Dir - move target Apport: 16 gold pieces Yoink!
You pull the items towards yourself.
You pick up a book of Displacement and begin reading...
You add the spells Gell's Gravitas and Teleport Other to your library.
You now have 20 gold pieces.
A frilled lizard comes into view.
Found a scroll labelled MANIROASHRE.
A kobold comes into view. It is wielding a +0 short sword.
Found 4 stones.
Found an escape hatch in the floor.
The kobold throws a stone.
You block the stone.
A hobgoblin comes into view.
The hobgoblin shouts!
The kobold throws a stone.
The stone hits you but does no damage.
A quokka comes into view.
The hobgoblin barely misses you.
A bat comes into view.
The hobgoblin barely misses you. The hobgoblin attacks as you move away!
The hobgoblin hits you.
Ouch! That really hurt!
A ball python comes into view.
The hobgoblin attacks as you move away! The hobgoblin closely misses you.
The ball python hisses angrily.
The hobgoblin attacks as you move away! The hobgoblin hits you.
* * * LOW HITPOINT WARNING * * *
You hit the ball python.
You kill the ball python!
The hobgoblin hits you.
You die...

#. #.# #. #.# .###. #.#
...#.#####.##########..
#..............(......
.###..######......r....
...............#####..b
.............r.#######..
#..........#..Kg@†......
#.......†..#...#########
#[.........#...#
#..........#...#
#........).#...#
#..........#...#
#..........#####
############


You could see a quokka, a hobgoblin and a kobold.

Vanquished Creatures
  A dart slug (D:1)
  A ball python (D:1)
  A goblin (D:1)
  A kobold (D:1)
4 creatures vanquished.

Notes
Turn   | Place    | Note
-------+----------+-------------------------------------------
     0 | D:1      | Esekla the Deep Elf Wanderer began the quest for the Orb.
     0 | D:1      | Esekla set off with the following items: a +0 club, a
                  | potion of lignification, a +0 robe, a +0 buckler; and the
                  | following spells available to memorise: Apportation, Blink,
                  | Lesser Beckoning, Magic Dart, Ignite Poison, Vampiric
                  | Draining.
     0 | D:1      | Reached XP level 1. HP: 10/10 MP: 7/7
    30 | D:1      | Learned a level 1 spell: Magic Dart
   327 | D:1      | Reached skill level 1 in Necromancy
   329 | D:1      | Learned a level 1 spell: Apportation
   353 | D:1      | Slain by a hobgoblin

Illustrated notes

Levels and vault maps discovered:
D:1:      sevenhm_arrival_forest_fort_small_3, layout_rooms,
          chequers_serial_rivers_room_b, minmay_misc_feat_five

Skill      XL: |  1 |
---------------+----+-----
Necromancy     | 1 |  1.3
Stealth        | |  1.2
Shields        | |  1.5
Spellcasting   | |  4.4
Translocations | |  2.1
Invocations    | |  1.0

Action                     || total
---------------------------++-------
  Melee: Short sword       ||    10
   Cast: Apportation       ||     3
         Magic Dart        ||     1
 Armour: Robe              ||     2
  Dodge: Dodged            ||     5
  Block: Buckler           ||     3
